Map: Bridgehead LE (Void)

Players

Javert

  • Race: Zerg Zerg
  • League: Platinum

Zergberg - Winner!

  • Race: Zerg Zerg
  • League: Gold

VOD

Have the link to the VOD?

Description

Time

  • Played on: Aug. 12, 2015, 11:46 p.m.
  • Length: 4:42
Show
View Real Time Build Order
Export as new Build Order

Javert Zerg 

Build Orders: Pool First 

Get SALT Encoding   

  12  0:02  Drone  
  13  0:10  Drone  
  14  0:17  Extractor  
  14  0:19  Drone  
  14  0:33  Spawning Pool  
  13  0:40  Overlord  
  13  0:47  Drone  
  14  0:59  Drone x2  
  14  1:02  Drone  
  17  1:13  Drone  
  18  1:20  Metabolic Boost  
  18  1:27  Queen  
  20  1:34  Overlord  
  20  1:38  Zergling x2  
  21  1:46  Zergling x2  
  22  1:56  Zergling x2  
  23  2:08  Zergling x2  
  24  2:12  Hatchery  
  23  2:16  Baneling Nest  
  23  2:20  Zergling x2  
  23  2:29  Queen  
  25  2:34  Drone  
  26  2:42  Overlord  
  26  2:48  Drone x2  
  26  2:49  Drone  
  29  2:57  Drone  
  30  3:03  Baneling x2  
  30  3:10  Drone x2  
  27  3:29  Drone  
  27  3:30  Drone x3  
  31  3:35  Drone  
  32  3:46  Zergling x4  
  34  3:57  Zergling x4  
  34  3:59  Drone x2  
  34  4:00  Drone x2  
  40  4:07  Baneling x2  
  40  4:08  Baneling x2  
  40  4:10  Zergling x4  
  40  4:11  Spine Crawler  
  41  4:20  Drone x2  
  43  4:26  Drone  
Show
View Real Time Build Order
Export as new Build Order

Zergberg Zerg - Winner!

Build Orders: Hatch First, Zergling Baneling 

Get SALT Encoding   

  12  0:02  Drone  
  13  0:08  Drone  
  14  0:37  Hatchery  
  14  0:38  Drone  
  14  0:46  Overlord  
  14  0:57  Extractor x2  
  14  0:58  Drone x2  
  16  1:05  Drone  
  17  1:17  Drone, Spawning Pool  
  17  1:22  Drone  
  17  1:23  Extractor  
  17  1:32  Drone  
  18  1:48  Drone  
  19  1:56  Drone  
  19  1:57  Overlord  
  19  2:00  Drone  
  21  2:04  Queen x2  
  21  2:06  Zergling x2  
  26  2:15  Drone x2  
  28  2:21  Drone  
  29  2:24  Metabolic Boost  
  29  2:28  Drone  
  30  2:37  Overlord  
  30  2:42  Drone  
  30  2:44  Zergling x2  
  30  2:50  Spine Crawler  
  30  2:55  Baneling Nest  
  30  2:57  Zergling x2  
  30  2:58  Zergling x2  
  31  3:09  Zergling x6  
  29  3:27  Queen  
  29  3:33  Zergling x14  
  38  3:42  Baneling x2  
  38  3:44  Zergling x2  
  39  3:49  Overlord  
  39  3:50  Zergling x6  
  42  4:02  Zergling x4  
  44  4:09  Zergling x2  
  45  4:12  Baneling x7  
  45  4:19  Baneling  
Tags
 
Add a new tag
Caveats
  • Supply blocks, unpowered buildings, or Contaminate may cause inaccurate times.
  • Supply counts are checked every 10 seconds.